 Dungeon Crawl Stone Soup version 0.30-a0-304-gdc4b735fe1 (webtiles) character file.

Game seed: 11238907774375282518

161 KennySheep the Fighter (level 4, -2/50 HPs)
             Began as a Demigod Conjurer on Oct 20, 2022.
             Slain by Terence
             ... wielding a +2 mace of venom
              (4 damage)
             ... on level 3 of the Dungeon.
             The game lasted 00:07:08 (2040 turns).

KennySheep the Fighter (Demigod Conjurer)           Turns: 2040, Time: 00:07:08

Health: -2/50      AC:  3    Str:  8    XL:     4   Next: 98%
Magic:  4/10       EV: 12    Int: 24    God:
Gold:   148        SH:  0    Dex: 12    Spells: 4/7 levels left

rFire   . . .      SeeInvis .    i - +0 dagger
rCold   . . .      Faith    .    (no shield)
rNeg    . . .      Spirit   .    a - +0 robe
rPois   .          Reflect  .    m - +0 helmet
rElec   .          Harm     .    (no cloak)
rCorr   .          Rampage  .    (no gloves)
Will    +....                    (no boots)
Stlth   ++........               (no amulet)
HPRegen 0.28/turn                h - ring of willpower
MPRegen 0.12/turn                (no ring)

@: lethally poisoned (-2 -> -19)
A: high MP 1, forlorn, divine attributes
a: no special abilities


You were on level 3 of the Dungeon.
You visited 1 branch of the dungeon, and saw 4 of its levels.

You collected 218 gold pieces.
You spent 70 gold pieces at shops.

Inventory:

Hand Weapons
 i - a +0 dagger (weapon)
Armour
 a - a +0 robe (worn)
 m - a +0 helmet (worn)
Jewellery
 h - a ring of willpower (left hand)
Scrolls
 c - a scroll of identify
 f - 2 scrolls of teleportation
 g - a scroll of torment
 j - a scroll of brand weapon
Potions
 b - a potion of magic


   Skills:
 - Level 9.4 Fighting
 + Level 2.4 Dodging
 + Level 2.7 Stealth
 + Level 2.4 Spellcasting
 * Level 4.0 Conjurations
 + Level 0.0 Air Magic
 + Level 0.0 Poison Magic


You had 4 spell levels left.
You knew the following spells:

 Your Spells              Type           Power      Damage    Failure   Level
a - Magic Dart            Conj           88%        1d7       2%          1
b - Searing Ray           Conj           44%        2d6       3%          2

Your spell library contained the following spells:

 Spells                   Type           Power      Damage    Failure   Level
 Sandblast                Erth           4%         2d4       12%         1
 Dazzling Flash           Conj/Hex       24%        N/A       16%         3
 Stone Arrow              Conj/Erth      24%        3d8       16%         3
 Cigotuvi's Dreadful Rot  Necr/Pois/Air  6%         N/A       17%         2
 Passwall                 Tmut/Erth      1%         N/A       17%         2
 Poisonous Vapours        Pois/Air       6%         N/A       17%         2
 Mephitic Cloud           Conj/Pois/Air  9%         N/A       21%         3
 Fulminant Prism          Conj/Hex       6%         3d7       45%         4
 Iskenderun's Mystic Bla  Conj/Tloc      12%        2d5       45%         4


Dungeon Overview and Level Annotations

Branches:
Dungeon (4/15)             Temple (0/1) D:4

Shops:
D:2 ?

Annotations:
D:3 Natasha, Terence


Innate Abilities, Weirdness & Mutations

You have an increased reservoir of magic. (+10% MP)
You shall have no god before yourself.
Your divine heritage dramatically boosts your attributes as you level up.


Message History

c - a scroll of identify Terence the Incautious comes into view.
He is wielding a +2 mace of venom.
Terence is nearby!
Casting: Magic Dart (safe; 2% risk of failure)
Confirm with . or Enter, or press ? or * to list all spells.
Aiming: Searing Ray (safe; 3% risk of failure)
Press: ? - help, Shift-Dir - straight line, f - Terence
Aim: Terence, wielding a +2 mace of venom and wearing a +0 chain mail (asleep, 100% to hit)
The searing ray hits Terence but does no damage.
Terence shouts! (Press . to maintain the ray.)
The searing ray hits Terence.
Terence is moderately wounded.
The searing ray hits Terence but does no damage.
Terence is moderately wounded.
Terence completely misses you.
The searing ray hits Terence but does no damage.
Terence is moderately wounded.
You finish channelling your searing ray.
Terence hits you with a +2 mace of venom.
You are poisoned.
As you read the scroll of teleportation, it crumbles to dust.
You feel strangely unstable.
You feel very sick.
Terence hits you with a +2 mace of venom!
You are more poisoned.
It was a potion of cancellation.
You feel strangely stable.
You feel magically purged.
* * * LOW HITPOINT WARNING * * *
You feel extremely sick. Terence closely misses you.
It was a potion of experience.
You feel more experienced!
Your Fighting skill gained 9 levels and is now at level 9!
You have reached level 4!
* * * LOW HITPOINT WARNING * * *
You feel very sick.
Terence hits you with a +2 mace of venom.
You die...

### #.. #.# ## #.#
#. ..### #. #...
#@########.##
#.@.........#
#..#######..# #..#
#..## #..# ##
#...# .... ..
#...#
...$###.###...###
###..............#
###..#..##..##.#
#..##.##..##.#


You could see Terence.

Vanquished Creatures
  An iguana (D:4)
  An adder (D:2)
  3 dart slugs
  An orc (D:4)
  5 ball pythons
  3 endoplasms
  3 giant cockroaches
  3 goblins
  2 hobgoblins
  2 jackals (D:1)
  2 quokkas
  4 bats
  A frilled lizard (D:3)
  A kobold (D:1)
  5 rats
37 creatures vanquished.

Vanquished Creatures (others)
  5 toadstools (D:2)
5 creatures vanquished.

Grand Total: 42 creatures vanquished

Notes
Turn   | Place    | Note
-------+----------+-------------------------------------------
     0 | D:1      | KennySheep the Demigod Conjurer began the quest for the
                  | Orb.
     0 | D:1      | Reached XP level 1. HP: 14/14 MP: 5/5
   276 | D:1      | Reached XP level 2. HP: 20/20 MP: 5/7
  1466 | D:2      | Reached XP level 3. HP: 26/26 MP: 4/8
  1636 | D:2      | Found Unic's Magic Scroll Shoppe.
  1643 | D:2      | Bought a scroll of identify for 28 gold pieces
  1643 | D:2      | Bought a scroll of teleportation for 42 gold pieces
  1723 | D:2      | You fall into a shaft and drop 2 floors!
  1737 | D:4      | Noticed a lemure
  1739 | D:4      | Noticed a lemure
  1811 | D:4      | Learned a level 2 spell: Searing Ray
  1927 | D:4      | Noticed an ogre
  1955 | D:3      | Noticed Natasha
  2033 | D:3      | Noticed Terence
  2040 | D:3      | Reached skill level 9 in Fighting
  2040 | D:3      | Reached XP level 4. HP: 7/50 MP: 4/10
  2040 | D:3      | HP: 2/50 [poisoned by Terence]
  2040 | D:3      | Slain by Terence

Illustrated notes

Levels and vault maps discovered:
D:1:      pf_arrival_petrified_forest, layout_basic,
          chequers_serial_rivers_micro_a, minivault_27, nrook_campfire,
          minmay_misc_feat_ornament
D:2:      layout_basic, serial_shops, nicolae_shop_advertising_works
          [nicolae_subvault_shop_adworks], minmay_misc_feat_x,
          minmay_gold_behind_fungi, amcnicky_mini_rare_corridor_liquid
D:3:      layout_loops_ring, uniq_terence, uniq_natasha
D:4:      minmay_recursive_quarters, layout_basic, mainiacjoe_overflow_brackets,
          minmay_temple_entry_trees, hex_large, hangedman_feature_mirror,
          minmay_pentomino_pile, uniq_pikel

Skill      XL: |  1  2  3 |
---------------+----------+-----
Stealth        | 2 |  2.7
Dodging        | 2 |  2.4
Spellcasting   | 2 |  2.4
Conjurations   | 4 |  4.0
Fighting       | 9 |  9.4

Action                   |  1- 3 |  4- 6 || total
-------------------------+-------+-------++-------
Melee: Unarmed           |    17 |       ||    17
 Cast: Magic Dart        |    78 |       ||    78
       Searing Ray       |     1 |       ||     1
  Use: Scroll            |     6 |       ||     6
       Potion            |     2 |       ||     2
Armor: Robe              |     3 |       ||     3
Dodge: Dodged            |    23 |       ||    23

Table legend: (Time is in decaauts)
 A = Elapsed time spent in this place.
 B = Non-inter-level travel time spent in this place.
 C = Inter-level travel time spent in this place.
 D = Time resting spent in this place.
 E = Time spent auto-exploring this place.
 F = Levels seen in this place.
 G = Mean time per level.
                   A        B        C        D        E       F      G
               +--------+--------+--------+--------+--------+-----+--------+
         Total |   2040 |   2015 |     25 |     75 |   1665 |   4 |  510.0 |
       Dungeon |   2040 |   2015 |     25 |     75 |   1665 |   4 |  510.0 |
               +--------+--------+--------+--------+--------+-----+--------+

Top non-repeatable levels by time:
     D:1: 1169 daAuts
     D:2: 553 daAuts
     D:4: 229 daAuts
     D:3: 86 daAuts
